 Dungeon Crawl Stone Soup version 0.19.0-19-g8c6edcc (webtiles) character file.

67 tv1990 the Conjurer (level 4, -4/30 HPs)
             Began as a Formicid Conjurer on Nov 14, 2016.
             Slain by a gnoll
             ... wielding a +0 spear
              (9 damage)
             ... on level 2 of the Dungeon on Nov 15, 2016.
             The game lasted 00:07:20 (1960 turns).

tv1990 the Conjurer (Formicid Conjurer)             Turns: 1960, Time: 00:07:21

Health: -4/30      AC:  2    Str: 12    XL:     4   Next: 38%
Magic:  1/8        EV: 12    Int: 21    God:
Gold:   98         SH:  0    Dex: 11    Spells: 2 memorised, 4 levels left

rFire  . . .     SeeInvis +     k - +0 short sword
rCold  . . .     Gourm    .     a - +0 robe
rNeg   + . .     Faith    .     (no shield)
rPois  .         Spirit   .     (helmet unavailable)
rElec  .         Reflect  .     (no cloak)
rCorr  .         Harm     .     (no gloves)
MR     .....                    (no boots)
Stlth  ++........               (no amulet)
                                (no ring)
                                f - ring of positive energy

@: brilliant
A: permanent stasis, dig shafts and tunnels, four strong arms, antennae 3
a: Dig, Shaft Self


You were on level 2 of the Dungeon.
You were hungry.

You visited 1 branch of the dungeon, and saw 2 of its levels.

You collected 98 gold pieces.

Inventory:

Hand Weapons
 k - a +0 short sword (weapon)
 m - a +1 battleaxe of chopping
Armour
 a - a +0 robe (worn)
Jewellery
 f - a ring of positive energy (left hand)
Scrolls
 e - a scroll of immolation
 i - a scroll of magic mapping
 j - a scroll of fear {unknown}
Potions
 g - a potion of curing
Books
 b - a book of Conjurations

   Spells                             Type                      Level
   a - Magic Dart                     Conjuration                  1
   b - Searing Ray                    Conjuration                  2
   c - Dazzling Spray                 Conjuration/Hexes            3
   d - Fulminant Prism                Conjuration/Hexes            4
   e - Iskenderun's Mystic Blast      Conjuration                  4
   f - Iskenderun's Battlesphere      Conjuration/Charms           5
Comestibles
 c - a bread ration
 h - a meat ration
 n - a beef jerky


   Skills:
 - Level 1.7 Dodging
 - Level 2.4 Stealth
 + Level 2.9 Spellcasting
 * Level 4.5 Conjurations
 + Level 1.2 Hexes


You had 4 spell levels left.
You knew the following spells:

 Your Spells              Type           Power        Failure   Level  Hunger
a - Magic Dart            Conj           ####         1%          1    None
b - Dazzling Spray        Conj/Hex       ####..       1%          3    ###....


Dungeon Overview and Level Annotations

Branches:
Dungeon (2/15)

Altars:
Ashenzari

Annotations:
D:2 1 runed door, Robin


Innate Abilities, Weirdness & Mutations

You are under a permanent stasis effect.
You can dig through walls and to a lower floor.
Your four strong arms can wield two-handed weapons with a shield.
You have a pair of large antennae on your head. (SInv)


Message History

The gnoll hits you with a spear!
* * * LOW HITPOINT WARNING * * *
Casting: Magic Dart
Confirm with . or Enter, or press ? or * to list all spells.
Aiming: Magic Dart
Press: ? - help, Shift-Dir - straight line, f/p - gnoll
Aim: a gnoll, wielding a spear (almost dead)
The magic dart hits the gnoll.
You kill the gnoll!
Unknown command.
Casting: Magic Dart
Confirm with . or Enter, or press ? or * to list all spells.
Aiming: Dazzling Spray
Press: ? - help, Shift-Dir - straight line, f - gnoll
Aim: a gnoll, wielding a spear The spray of energy hits the gnoll.
The gnoll is moderately wounded.
You hear a shout!
The gnoll hits you with a spear!
You die...

# #..........#..#..,,,,.########
# #######....+..#.#**##.# *,, #
###....##.#.#,,...#***#*,, #
#.......#...#,*#..#*,.,+,{
#..........##,*#..#*.###.,
#####.......#{##..##.g..., ##
#..,#..##.###.#.(......#g* .#
#.#,#...#.g.#.##....†r..., ,*
#.#.##..#@#{#...{{...{†.., ,*
####.#.......#{#.#.##...g..., .#
#....#####.#.#{###.#*.##...., .#
#.#..........#..{{.#*+#*,...,
#####.#.#######..#######,..,,,..,
......#.# #........#...,,,,,,
....###.# #.>......'.?.,,,,,,
....# #.# ##.......#.K,,,,,,,
....# #.# #.......#,,,,,,,,,


You could see a gnoll.

Vanquished Creatures
  A gnoll (D:2)
  An adder (D:2)
  A worm (D:2)
  3 leopard geckos
  2 giant cockroaches (D:1)
  4 hobgoblins
  A jackal (D:1)
  A quokka (D:2)
  A ball python (D:2)
  5 bats
  3 frilled lizards
  10 goblins
  9 kobolds
  A rat (D:2)
43 creatures vanquished.

Notes
Turn   | Place    | Note
-------+----------+-------------------------------------------
     0 | D:1      | tv1990 the Formicid Conjurer began the quest for the Orb.
     0 | D:1      | Reached XP level 1. HP: 13/13 MP: 3/3
   329 | D:1      | Reached XP level 2. HP: 7/19 MP: 0/5
   769 | D:1      | Reached skill level 4 in Conjurations
  1135 | D:1      | Reached XP level 3. HP: 24/24 MP: 3/6
  1355 | D:2      | Found a shattered altar of Ashenzari.
  1516 | D:2      | Learned a level 3 spell: Dazzling Spray
  1806 | D:2      | Reached XP level 4. HP: 30/30 MP: 4/8
  1844 | D:2      | Found a runed door.
  1932 | D:2      | Noticed Robin
  1950 | D:2      | Reached skill level 1 in Hexes
  1960 | D:2      | Slain by a gnoll

Skill      XL: |  1  2  3  4 |
---------------+-------------+-----
Conjurations   | 4 |  4.5
Hexes          | 1 |  1.2
Dodging        | |  1.7
Stealth        | |  2.4
Spellcasting   | |  2.9

Action                   |  1- 3 |  4- 6 || total
-------------------------+-------+-------++-------
Melee: Unarmed           |    40 |       ||    40
       Short sword       |     3 |    12 ||    15
 Cast: Magic Dart        |    73 |    10 ||    83
       Dazzling Spray    |       |     1 ||     1
 Abil: Dig               |     2 |       ||     2
  Use: Scroll            |     5 |       ||     5
       Potion            |       |     2 ||     2
  Eat: Chunk             |     4 |       ||     4
Armor: Robe              |     6 |       ||     6
Dodge: Dodged            |    47 |     7 ||    54

Vault maps used:
D:1:      ncdulo_watergridlock
D:2:      minitemple, lemuel_coloured_pillars_altar, minmay_small_reverse_x,
          uniq_robin, uniq_crazy_yiuf_cottage
